 Dungeon Crawl Stone Soup version 0.30-a0-862-g1aabd4f9c5 (webtiles) character file.

Game seed: 11567579804007097606

16 PimpSugar the Magician (level 2, -1/20 HPs)
             Began as a Demonspawn Hedge Wizard on Mar 9, 2023.
             Slain by Ijyb
             ... wielding a +5 dagger of venom
              (7 damage)
             ... on level 2 of the Dungeon.
             The game lasted 00:04:14 (1001 turns).

PimpSugar the Magician (Demonspawn Hedge Wizard)    Turns: 1001, Time: 00:04:15

Health: -1/20      AC:  2    Str: 10    XL:     2   Next: 37%
Magic:  1/6        EV: 12    Int: 15    God:
Gold:   12         SH:  0    Dex: 12    Spells: 2/7 levels left

rFire   . . .      SeeInvis .    o - +0 sling
rCold   . . .      Faith    .    (no shield)
rNeg    . . .      Spirit   .    b - +0 robe
rPois   .          Reflect  .    c - +0 hat
rElec   .          Rampage  .    (no cloak)
rCorr   .                        (no gloves)
Will    .....                    (no boots)
Stlth   ++                       (no amulet)
HPRegen 0.23/turn                (no ring)
MPRegen 0.10/turn                (no ring)

@: very slightly contaminated
A: horns 1
a: no special abilities


You were on level 2 of the Dungeon.
You visited 1 branch of the dungeon, and saw 2 of its levels.

You collected 61 gold pieces.
You spent 49 gold pieces at shops.

Inventory:

Hand Weapons
 a - a +0 dagger
 n - a +0 quarterstaff
 o - a +0 sling (weapon)
Missiles
 k - 8 stones
Armour
 b - a +0 robe (worn)
 c - a +0 hat (worn)
Scrolls
 h - a scroll of enchant weapon {unknown}
 i - 2 scrolls of amnesia {unknown}
 l - a scroll of fear {unknown}
Potions
 d - a potion of magic
 e - a potion of might {unknown}
 f - 2 potions of lignification {unknown}
 g - a potion of cancellation {unknown}
 j - a potion of haste {unknown}
 m - a potion of invisibility {unknown}


   Skills:
 + Level 0.4 Fighting
 + Level 1.8 Dodging
 + Level 1.9 Stealth
 * Level 3.1 Spellcasting
 * Level 1.5 Conjurations
 + Level 0.0 Hexes
 + Level 1.1 Summonings
 + Level 1.1 Translocations
 + Level 0.0 Ice Magic


You had 2 spell levels left.
You knew the following spells:

 Your Spells              Type           Power      Damage    Failure   Level
a - Magic Dart            Conj           28%        1d4       11%         1
b - Call Imp              Summ           5%         N/A       19%         2
c - Freeze                Ice            8%         1d3       21%         1
d - Slow                  Hex            8%         N/A       21%         1

Your spell library contained the following spells:

 Spells                   Type           Power      Damage    Failure   Level
 Blink                    Tloc           10%        N/A       19%         2
 Cigotuvi's Dreadful Rot  Necr/Pois/Air  4%         N/A       30%         2
 Hailstorm                Conj/Ice       4%         3d4       41%         3
 Mephitic Cloud           Conj/Pois/Air  3%         N/A       43%         3
 Frozen Ramparts          Ice            4%         1d1       52%         3


Dungeon Overview and Level Annotations

Branches:
Dungeon (2/15)

Altars:

Shops:
D:2 (

Annotations:
D:2 Ijyb


Innate Abilities, Weirdness & Mutations

You have a pair of small horns on your head.


Message History

Your crimson imp hits the goblin.
A goblin comes into view. It is wielding a +0 club.
Casting: Freeze (safe; 21% risk of failure)
Confirm with . or Enter, or press ? or * to list all spells.
Aiming: Magic Dart (safe; 11% risk of failure)
Press: ? - help, Shift-Dir - straight line, f/p - goblin
Aim: a goblin, wielding a +0 dagger (moderately wounded, ally target, 100% to hit)
You miscast Magic Dart.
You are very lightly contaminated with residual magic.
Nothing appears to happen.
Casting: Magic Dart (safe; 11% risk of failure)
Confirm with . or Enter, or press ? or * to list all spells.
Aiming: Freeze (safe; 21% risk of failure)
Press: ? - help, Shift-Dir - straight line, f/p - goblin
Aim: a goblin, wielding a +0 dagger (moderately wounded, ally target)
You freeze the goblin.
You kill the goblin!
Your crimson imp closely misses Ijyb.
Fire: o) +0 sling
Press: ? - help, Q - select action, (/) - cycle Shift-Dir - straight line, f - Ijyb
Aim: Ijyb, wielding a +5 dagger of venom, wearing a +0 leather armour and carrying a wand of light (6) (ally target, 43% to hit)
You shoot a sling bullet. The sling bullet barely misses Ijyb.
Your crimson imp blinks!
Fire: o) +0 sling
Press: ? - help, Q - select action, (/) - cycle Shift-Dir - straight line, f/p - Ijyb
Aim: Ijyb, wielding a +5 dagger of venom, wearing a +0 leather armour and carrying a wand of light (6) (ally target, 43% to hit)
You shoot a sling bullet. The sling bullet closely misses Ijyb.
Ijyb zaps a wand.
The bolt of light hits you!
Ouch! That really hurt!
* * * LOW HITPOINT WARNING * * *
Casting: Freeze (safe; 21% risk of failure)
Confirm with . or Enter, or press ? or * to list all spells.
Aiming: Freeze (safe; 21% risk of failure)
Press: ? - help, Shift-Dir - straight line, f/p - Ijyb
Aim: Ijyb, wielding a +5 dagger of venom, wearing a +0 leather armour and carrying a wand of light (5) (ally target)
You freeze Ijyb.
Ijyb is lightly wounded.
Your crimson imp barely misses the goblin.
Ijyb hits you with a +5 dagger of venom!
You die...

#....... .......
#######....g #........r.
#......... #........ ######
#.....5g####### #.....
#......g.g@...#####+##.....
####+#######.............<.
#.........#.....
#.........#.....
#.∩.......#.....
#.........#.....
#.........#.....
#.........#.....
#.........######


You could see Ijyb (ally target), 2 goblins and a friendly crimson imp
(summoned).

Vanquished Creatures
  2 ball pythons (D:1)
  2 bats (D:1)
  2 endoplasms (D:1)
  3 goblins (D:2)
  A hobgoblin (D:1)
  2 quokkas (D:1)
12 creatures vanquished.

Vanquished Creatures (collateral kills)
  A rat (D:2)
1 creature vanquished.

Grand Total: 13 creatures vanquished

Notes
Turn   | Place    | Note
-------+----------+-------------------------------------------
     0 | D:1      | PimpSugar the Demonspawn Hedge Wizard began the quest for
                  | the Orb.
     0 | D:1      | Reached XP level 1. HP: 13/13 MP: 4/4
   510 | D:1      | Reached skill level 1 in Translocations
   571 | D:1      | Gained mutation: You have a pair of small horns on your
                  | head. [demonic ancestry]
   571 | D:1      | Reached XP level 2. HP: 19/19 MP: 1/6
   751 | D:1      | Learned a level 2 spell: Call Imp
   753 | D:1      | Learned a level 1 spell: Freeze
   755 | D:1      | Learned a level 1 spell: Slow
   959 | D:2      | Found Sakloqul's Antique Weapon Shoppe.
   977 | D:2      | Bought a sling for 49 gold pieces
   991 | D:2      | Noticed Ijyb
  1001 | D:2      | Slain by Ijyb

Illustrated notes

Levels and vault maps discovered:
D:1:      ncdulo_halloftheorcs, layout_basic
D:2:      kennysheep_the_goblin_king, layout_basic, serial_shops, shop,
          kennysheep_generic_room_16

Skill      XL: |  1 |
---------------+----+-----
Translocations | 1 |  1.1
Fighting       | |  0.4
Dodging        | |  1.8
Stealth        | |  1.9
Spellcasting   | |  3.1
Conjurations   | |  1.5
Summonings     | |  1.1

Action                     || total
---------------------------++-------
  Melee: Dagger            ||     5
   Fire: Sling             ||     7
   Cast: Magic Dart        ||    24
         Freeze            ||     3
         Call Imp          ||     1
 Armour: Robe              ||     7
  Dodge: Dodged            ||    11

Table legend: (Time is in decaauts)
 A = Elapsed time spent in this place.
 B = Non-inter-level travel time spent in this place.
 C = Inter-level travel time spent in this place.
 D = Time resting spent in this place.
 E = Time spent auto-exploring this place.
 F = Levels seen in this place.
 G = Mean time per level.
                   A        B        C        D        E       F      G
               +--------+--------+--------+--------+--------+-----+--------+
         Total |   1003 |    962 |     41 |    197 |    598 |   2 |  501.5 |
       Dungeon |   1003 |    962 |     41 |    197 |    598 |   2 |  501.5 |
               +--------+--------+--------+--------+--------+-----+--------+

Top non-repeatable levels by time:
     D:1: 954 daAuts
     D:2: 49 daAuts
